AoeStats
← 297539664

Fortress

509597453Analyzed
4v4 RM · 5d ago on Sep 27, 2026· 41m 59s· 8 players
Game mode
Random Map
Map size
Huge
Population
200
Speed
Normal
Resources
Standard
Victory
Conquest
Starting age
Dark Age
Ending age
Imperial Age
RankedLock teamsTeams togetherTeam positionsShared explorationLock speedFull tech treeHidden civsTurbo modeCheats
Victory
Defeat
🇳🇿 Slavs · New Zealand
1425
+14
🇹🇼 Varangians · Taiwan
1425
+14
🇨🇳 Spanish · China
1330
+18
🇨🇳 Burgundians · China
1329
+19
🇨🇳 Khmer · China
1421
-17
🇦🇷 Wei · Argentina
1388
-17
🇧🇬 Varangians · Bulgaria
1382
-16
🇬🇧 Saxons · United Kingdom
1357
-15
mog
8:39 Feudal Age
6:56 Loom
12:35 Castle Age
10:29 Horse Collar
11:03 Double-Bit Axe
11:26 Town Watch
14:09 Wheelbarrow
22:18 Bow Saw
22:09 Heavy Plow
23:11 Forging
24:53 Gold Mining
24:53 Stone Mining
29:19 Imperial Age
27:23 Scale Barding Armor
28:29 Iron Casting
27:57 Squires
27:55 Treadmill Crane
28:55 Hand Cart
28:45 Scale Mail Armor
28:54 Pikeman
29:40 Halberdier
31:42 Blast Furnace
31:54 Chain Mail Armor
32:10 Husbandry
32:47 Ballistics
32:40 Masonry
32:52 Fletching
33:02 Padded Archer Armor
33:17 Elite Varangian Guard
34:37 Plate Mail Armor
34:02 Bodkin Arrow
34:08 Bodkin Arrow
34:47 Architecture
34:58 Arson
37:39 Siege Engineers
37:39 Man-at-Arms
38:05 Gambesons
38:38 Long Swordsman
40:22 Conscription
39:25 Gothikon
40:18 Bracer
39:42 Two-Handed Swordsman
40:41 Gothikon
41:42 Conscription
cdb
6:29 Feudal Age
10:25 Castle Age
8:31 Horse Collar
9:16 Double-Bit Axe
9:49 Gold Mining
14:20 Heavy Plow
15:36 Loom
16:55 Scale Mail Armor
17:23 Fletching
27:24 Town Watch
32:31 Forging
33:45 Wheelbarrow
34:37 Squires
35:22 Chain Mail Armor
36:19 Bodkin Arrow
BocaJuniorsElMasGrande
3:37 Loom
4:18 Loom
6:34 Feudal Age
7:12 Double-Bit Axe
7:08 Horse Collar
7:30 Stone Mining
7:30 Gold Mining
7:55 Gold Mining
13:14 Castle Age
14:19 Bow Saw
14:46 Gold Shaft Mining
14:24 Heavy Plow
15:29 Stone Shaft Mining
17:45 Loom
17:46 Town Watch
21:43 Forging
21:39 Scale Barding Armor
23:18 Iron Casting
22:44 Scale Mail Armor
22:48 Tuntian
23:02 Pikeman
23:42 Squires
24:58 Chain Barding Armor
25:32 Chain Mail Armor
32:31 Wheelbarrow
36:48 Fletching
40:12 Imperial Age
40:25 Halberdier
42:22 Blast Furnace
297539664
6:50 Feudal Age
9:51 Castle Age
8:47 Double-Bit Axe
11:15 Bow Saw
18:33 Horse Collar
19:45 Gold Mining
21:27 Wheelbarrow
22:21 Gold Shaft Mining
25:05 Imperial Age
23:48 Heavy Plow
23:57 Scale Barding Armor
24:03 Forging
24:40 Tusk Swords
25:01 Chain Barding Armor
26:23 Iron Casting
25:28 Elite Ballista Elephant
26:57 Conscription
28:14 Double Crossbow
29:08 Hand Cart
30:09 Plate Barding Armor
30:34 Blast Furnace
31:34 Chemistry
30:55 Ballistics
33:08 Caravan
大漁哥哥
8:03 Feudal Age
9:45 Double-Bit Axe
12:25 Castle Age
10:15 Horse Collar
14:06 Bow Saw
15:02 Heavy Plow
18:22 Wheelbarrow
19:30 Hand Cart
21:27 Gold Mining
22:00 Stone Mining
22:40 Loom
25:57 Imperial Age
24:08 Scale Mail Armor
24:19 Forging
24:46 Stone Shaft Mining
24:59 Scale Barding Armor
25:16 Ballistics
24:37 Treadmill Crane
25:08 Masonry
25:56 Bloodlines
25:47 Husbandry
26:24 Iron Casting
25:38 Vendel Legacy
27:03 Chain Barding Armor
27:44 Two-Man Saw
26:53 Cavalier
29:10 Blast Furnace
28:58 Conscription
28:00 Gothikon
28:55 Caravan
30:19 Architecture
29:55 Siege Engineers
29:45 Murder Holes
31:21 Plate Barding Armor
31:55 Fletching
32:05 Padded Archer Armor
34:04 Chemistry
37:27 Elite Varangian Guard
37:53 Arson
38:09 Squires
37:54 Gambesons
38:55 Guilds
40:39 Crop Rotation
41:58 Chain Mail Armor
Wouldn'tyouknow
6:27 Feudal Age
7:52 Double-Bit Axe
10:16 Castle Age
8:21 Double-Bit Axe
8:40 Horse Collar
11:35 Bow Saw
15:00 Loom
18:13 Wheelbarrow
17:59 Town Watch
19:14 Heavy Plow
21:42 Hand Cart
24:51 Imperial Age
22:34 Gold Mining
22:55 Stone Mining
23:38 Bloodlines
23:29 Husbandry
24:09 Scale Barding Armor
24:14 Forging
25:46 Chain Barding Armor
26:05 Conscription
25:54 Elite Boyar
27:21 Fortified Wall
27:53 Plate Barding Armor
28:07 Detinets
29:04 Iron Casting
29:40 Town Patrol
32:17 Blast Furnace
31:10 Fletching
31:44 Masonry
32:12 Hoardings
32:26 Siege Engineers
33:39 Druzhina
34:01 Bodkin Arrow
35:09 Chemistry
35:33 Ballistics
35:09 Murder Holes
35:52 Pikeman
36:33 Squires
35:54 Man-at-Arms
36:42 Squires
36:58 Scale Mail Armor
36:45 Long Swordsman
37:34 Two-Handed Swordsman
38:54 Chain Mail Armor
39:09 Caravan
38:40 Champion
40:10 Plate Mail Armor
XHK
1:42 Double-Bit Axe
3:42 Horse Collar
6:46 Feudal Age
12:23 Castle Age
11:34 Bow Saw
12:55 Cavalier
13:35 Husbandry
13:46 Scale Barding Armor
14:08 Gold Mining
17:28 Chain Barding Armor
18:47 Gold Shaft Mining
24:23 Forging
31:30 Imperial Age
30:07 Wheelbarrow
29:18 Town Watch
29:19 Loom
32:01 Caravan
31:34 Paladin
33:09 Plate Barding Armor
34:02 Hand Cart
34:34 Iron Casting
34:22 Conscription
34:18 Heavy Plow
36:20 Blast Furnace
35:11 Fletching
36:48 Two-Man Saw
36:25 Burgundian Vineyards
38:05 Squires
37:50 Arson
37:56 Light Cavalry
40:46 Hoardings
40:21 Onager
41:05 Bodkin Arrow
41:10 Padded Archer Armor
41:14 Pikeman
42:53 Crop Rotation
菜菜
7:32 Feudal Age
11:06 Castle Age
9:22 Double-Bit Axe
9:37 Horse Collar
10:17 Gold Mining
12:24 Bow Saw
15:54 Loom
18:52 Padded Archer Armor
21:53 Heavy Plow
23:20 Wheelbarrow
27:53 Hand Cart
32:38 Imperial Age
30:29 Stone Mining
32:43 Elite Conquistador
33:47 Conscription
34:16 Ballistics
34:53 Bloodlines
34:44 Husbandry
36:49 Chemistry
35:16 Light Cavalry
36:13 Leather Archer Armor
36:06 Scale Barding Armor
38:40 Two-Man Saw
39:08 Ring Archer Armor
38:51 Masonry
40:11 Hussar
41:14 Chain Barding Armor
41:05 Forging
Connection lost

Rejoining the realm…

Still unreachable

The connection could not be restored.

Session expired

The server has moved on; the page needs a fresh start.